 Dungeon Crawl Stone Soup version 0.30-a0-458-g86641cc369 (webtiles) character file.

Game seed: 864729892747412616

10 brightshaft the Covered (level 2, -1/26 HPs)
             Began as an Armataur Fighter on Dec 14, 2022.
             Killed by nerve-wracking pain
             ... invoked by a shadow imp
             ... summoned by Natasha
              (3 damage)
             ... on level 2 of the Dungeon.
             The game lasted 00:01:14 (781 turns).

brightshaft the Covered (Armataur Fighter)           Turns: 781, Time: 00:01:15

Health: -1/26      AC:  6    Str: 21    XL:     2   Next: 10%
Magic:  2/2        EV:  7    Int:  8    God:
Gold:   50         SH:  4    Dex:  9    Spells: 1/1 levels left

rFire   . . .      SeeInvis .    a - +0 flail
rCold   . . .      Faith    .    c - +0 buckler
rNeg    . . .      Spirit   .    b - +0 scale mail
rPois   .          Reflect  .    (no helmet)
rElec   .          Harm     .    (no cloak)
rCorr   .          Roll     +    (no gloves)
Will    .....                    (no barding)
Stlth   ..........               (no amulet)
HPRegen 0.24/turn                (no ring)
MPRegen 0.08/turn                (no ring)

@: slowed, very slow
A: large, rugged brown scales 3, deformed body, armoured tail, roll, long
tongue, awkward tongue
a: no special abilities


You were on level 2 of the Dungeon.
You visited 1 branch of the dungeon, and saw 2 of its levels.

You collected 50 gold pieces.

Inventory:

Hand Weapons
 a - a +0 flail (weapon)
Armour
 b - a +0 scale mail (worn)
 c - a +0 buckler (worn)
Scrolls
 e - a scroll of vulnerability {unknown}
 f - a scroll of enchant armour {unknown}
 i - 2 scrolls of magic mapping {unknown}
 j - a scroll of teleportation {unknown}
Potions
 d - a potion of might
 g - a potion of heal wounds {unknown}
 h - a potion of attraction {unknown}
 k - a potion of invisibility {unknown}


   Skills:
 - Level 2.6 Fighting
 + Level 2.5 Maces & Flails
 - Level 3.6 Armour
 - Level 3.2 Shields


You had one spell level left.
You didn't know any spells.
Your spell library was empty.

Dungeon Overview and Level Annotations

Branches:
Dungeon (2/15)

Altars:

Annotations:
D:2 Natasha


Innate Abilities, Weirdness & Mutations

You are completely covered in rugged brown scales. (AC +3, +7% HP)
Armour fits poorly on your strangely shaped body.
You have a long armoured tail.
You roll when moving toward enemies. (Rampage)
Your long tongue fully drains potion bottles. (2x potion effects)
Your tongue gives you trouble enunciating. (1.5x scroll delay)


Message History

You tail-slap Natasha, but do no damage.
Natasha barely misses you.
Natasha casts a spell.
You hit Natasha.
Natasha is lightly wounded.
You block Natasha's attack. Natasha completely misses you.
You barely miss Natasha.
Natasha is lightly wounded.
Natasha claws you.
The shadow imp hits you but does no damage.
Natasha claws you but does no damage.
You sock Natasha!
Natasha is heavily wounded.
The shadow imp gestures at you.
You barely resist. Natasha claws you.
The shadow imp hits you but does no damage.
Natasha stares at you and mumbles some strange words.
You feel as though you will be slow longer.
You hit Natasha but do no damage.
Natasha is heavily wounded.
The shadow imp hits you but does no damage.
Natasha claws you! The shadow imp closely misses you.
Natasha claws you but does no damage.
You are too injured to fight recklessly!
You are too injured to fight recklessly!
You closely miss Natasha.
Natasha is heavily wounded.
The shadow imp gestures at you. Pain shoots through your body!
Natasha claws you but does no damage. The shadow imp hits you.
Natasha barely misses you.
You closely miss Natasha.
Natasha is heavily wounded.
The shadow imp closely misses you. Natasha claws you but does no damage.
You block the shadow imp's attack. Natasha claws you!
* * * LOW HITPOINT WARNING * * *
You hit Natasha.
Natasha is almost dead.
The shadow imp gestures at you. Pain shoots through your body!
You die...

# .
###.#########.
.............
#.#.........
........... .
#.h5...... ...
#.@..#
.....#....#
.......<..#
#....###..#
..... ..# ....
..# ##. #.# #.
.. #.#


You could see Natasha and a shadow imp (summoned).

Vanquished Creatures
  A dart slug (D:1)
  4 ball pythons (D:1)
  An endoplasm (D:1)
  A kobold (D:1)
  2 rats (D:1)
9 creatures vanquished.

Vanquished Creatures (others)
  4 toadstools (D:1)
4 creatures vanquished.

Grand Total: 13 creatures vanquished

Notes
Turn   | Place    | Note
-------+----------+-------------------------------------------
     0 | D:1      | brightshaft the Armataur Fighter began the quest for the
                  | Orb.
     0 | D:1      | Reached XP level 1. HP: 19/19 MP: 1/1
   601 | D:1      | Reached XP level 2. HP: 26/26 MP: 2/2
   760 | D:2      | Noticed Natasha
   781 | D:2      | Killed from afar by a shadow imp

Illustrated notes

Levels and vault maps discovered:
D:1:      ldierk_water_garden, layout_basic
D:2:      layout_basic, basic_altar, dreamdust_princess_bridge,
          roderic_serpentine_path, uniq_natasha

Skill      XL: |  1 |
---------------+----+-----
Maces & Flails | 2 |  2.5
Fighting       | |  2.6
Armour         | |  3.6
Shields        | |  3.2

Action                   || total
-------------------------++-------
Melee: Flail             ||    29
       Tailslap          ||     2
Armor: Scale mail        ||    15
Dodge: Dodged            ||     7
Block: Buckler           ||     9

Table legend: (Time is in decaauts)
 A = Elapsed time spent in this place.
 B = Non-inter-level travel time spent in this place.
 C = Inter-level travel time spent in this place.
 D = Time resting spent in this place.
 E = Time spent auto-exploring this place.
 F = Levels seen in this place.
 G = Mean time per level.
                   A        B        C        D        E       F      G
               +--------+--------+--------+--------+--------+-----+--------+
         Total |    801 |    772 |     29 |      0 |    664 |   2 |  400.5 |
       Dungeon |    801 |    772 |     29 |      0 |    664 |   2 |  400.5 |
               +--------+--------+--------+--------+--------+-----+--------+

Top non-repeatable levels by time:
     D:1: 778 daAuts
     D:2: 23 daAuts
